 Dungeon Crawl Stone Soup version 0.22-a0-161-g198051c (webtiles) character file.

272 Gorglomux the Ducker (level 6, -2/51 HPs)
             Began as a Minotaur Ice Elementalist on Feb 11, 2018.
             Killed from afar by an orc wizard (4 damage)
             ... with a magic dart
             ... on level 4 of the Dungeon.
             The game lasted 00:10:57 (3293 turns).

Gorglomux the Ducker (Minotaur Ice Elementalist)    Turns: 3293, Time: 00:10:58

Health: -2/51      AC:  6    Str: 15    XL:     6   Next: 2%
Magic:  3/7        EV: 18    Int: 12    God:
Gold:   193        SH:  0    Dex: 15    Spells: 6/7 levels left

rFire    . . .     SeeInvis +   D - +0 war axe
rCold    . . .     Gourm    .   (no shield)
rNeg     . . .     Faith    .   S - +0 ring mail
rPois    .         Spirit   .   M - +1 hat
rElec    .         Reflect  .   (no cloak)
rCorr    .         Harm     .   (no gloves)
MR       .....                  (no boots)
Stlth    ++........             (no amulet)
HPRegen  0.17/turn              s - ring of see invisible
MPRegen  0.10/turn              (no ring)

@: agile, very slightly contaminated, slowed, very slow
A: retaliatory headbutt, horns 2
a: no special abilities


You were on level 4 of the Dungeon.
You were hungry.

You visited 1 branch of the dungeon, and saw 4 of its levels.

You collected 193 gold pieces.

Inventory:

Hand Weapons
 v - a +0 whip
 w - a +0 hunting sling
 y - a +0 dagger
 D - a +0 war axe (weapon)
Missiles
 u - 41 stones (quivered)
 O - 4 curare-tipped needles
 Z - a throwing net
Armour
 a - a +0 robe
 M - a +1 hat (worn)
 S - a +0 ring mail (worn)
Jewellery
 s - a ring of see invisible (left hand)
 R - an uncursed ring of magical power {unknown}
Scrolls
 t - a scroll of fear {unknown}
 x - a scroll of identify {unknown}
 E - a scroll of teleportation {unknown}
 H - a scroll of amnesia {unknown}
 I - a scroll of magic mapping {unknown}
 J - 2 scrolls of remove curse {unknown}
 L - a scroll of immolation {unknown}
Potions
 C - a potion of magic
Books
 b - a book of Frost

   Spells                             Type                      Level
   a - Freeze                         Ice                          1
   b - Throw Frost                    Conjuration/Ice              2
   c - Ozocubu's Armour               Charms/Ice                   3
   d - Throw Icicle                   Conjuration/Ice              4
   e - Summon Ice Beast               Ice/Summoning                4
Comestibles
 c - 3 rations
 Y - 2 chunks of flesh


   Skills:
 + Level 3.5 Fighting
 + Level 2.6 Axes
 + Level 3.5 Armour
 + Level 4.1 Dodging
 - Level 1.5 Stealth
 - Level 1.3 Spellcasting
   Level 0.6 Conjurations
 - Level 2.1 Ice Magic


You had 6 spell levels left.
You knew the following spells:

 Your Spells              Type           Power        Failure   Level  Hunger
a - Freeze                Ice            #...         22%         1    ##.....


Dungeon Overview and Level Annotations

Branches:
Dungeon (4/15)
 Temple: D:4-7

Altars:
Makhleb
Sif Muna


Innate Abilities, Weirdness & Mutations

You reflexively headbutt those who attack you in melee.
You have a pair of horns on your head.


Message History

You have reached level 6!!!
Your experience leads to an increase in butt's attributes!!!
Your butt attributes are Str 14, Int 12, Dex 10!
Increase (S)butt, (I)ntelligence, or (D)exterity?
You feel stronger! The orc hits you but does no butt!
Unknown command!
Casting: Freeze (safe; 12% risk of failure)
Confirm with ! or Enter, or press ? or * to list all spells!
Aiming: Freeze (safe; 12% risk of failure)
Press: ? - help, Shift-Dir - straight line, f - orc wizard
Aim: an orc wizard, wielding a dagger and wearing a robe (fast)
You freeze the orc wizard!
The orc wizard is lightly wounded!
You feel less wooden!
Your +1 hat butts from your body!
Your +0 ring mail unmelds from your body!
The orc wizard casts a spell at you! The magic dart hits you!!! rip

. ####.# .# ####+'#### #....#
.# #888(.888# ##....# ### .#
#8......8# g....#(...
.####8.8..8.8#### ....(..##
.##.'...[[...'..# ##.(......
.##.'........'..# ####.(......(
.#..#8.8..8.8#.o###.......>....
.#..#8......8#.o@)(........%#.#
##..#888..888#.)###.......#.#
#..####''####### #......## #
#...# #..# #......+ #...# #.##
#......# ##...###.########
##+#+### #.....##......<.#
#.....###.......# ......#
#.......#


You could see an orc wizard and an orc.

Vanquished Creatures
  A hound (D:3)
  An orc priest (D:4)
  A gnoll shaman (D:4)
  A worker ant (D:4)
  4 gnolls (D:4)
  6 adders
  2 oozes
  An adder skeleton (D:3)
  A worm (D:3)
  A dart slug (D:2)
  3 leopard geckos
  4 orcs
  4 bats
  2 giant cockroaches
  3 hobgoblins
  2 jackals (D:4)
  4 frilled lizards
  4 goblins
  7 kobolds
  6 rats
58 creatures vanquished.

Notes
Turn   | Place    | Note
-------+----------+-------------------------------------------
     0 | D:1      | Gorglomux the Minotaur Ice Elementalist began the quest for the Orb.
     0 | D:1      | Reached XP level 1. HP: 14/14 MP: 1/1
   653 | D:1      | Reached skill level 1 in Armour
   766 | D:1      | Reached skill level 1 in Fighting
   766 | D:1      | Reached XP level 2. HP: 23/23 MP: 3/3
  1234 | D:2      | Reached XP level 3. HP: 25/29 MP: 0/4
  1442 | D:2      | Reached skill level 3 in Dodging
  1499 | D:2      | Found a deep blue altar of Sif Muna.
  1499 | D:2      | Found a burning altar of Makhleb.
  2206 | D:3      | Reached XP level 4. HP: 35/36 MP: 5/5
  2214 | D:3      | Reached skill level 1 in Axes
  3078 | D:4      | Reached XP level 5. HP: 42/44 MP: 2/6
  3178 | D:4      | Reached skill level 3 in Fighting
  3178 | D:4      | Reached skill level 3 in Armour
  3280 | D:4      | Reached skill level 4 in Dodging
  3288 | D:4      | HP: 3/67 [orc priest/divine providence (12)]
  3289 | D:4      | HP: 1/67 [orc priest/hand axe (1)]
  3292 | D:4      | Reached XP level 6. HP: 2/51 MP: 3/7
  3293 | D:4      | Killed from afar by an orc wizard

Vault maps used:
D:1:      saegor_arrival_under_anarchy, patterned_corridor
D:2:      gammafunk_temple_overflow_wave, nrook_mini_vaults
D:4:      first_ration, kennysheep_generic_room_5

Skill      XL: |  1  2  3  4  5 |
---------------+----------------+-----
Armour         | 1 2 3 |  3.5
Fighting       | 1 2 3 |  3.5
Dodging        | 3 4 |  4.1
Axes           | 1 2 |  2.6
Stealth        | |  1.5
Spellcasting   | |  1.3
Conjurations   | |  0.6
Ice Magic      | |  2.1

Action                   |  1- 3 |  4- 6 || total
-------------------------+-------+-------++-------
Melee: War axe           |       |    13 ||    13
 Fire: Hunting sling     |   128 |    84 ||   212
Throw: Stone             |     5 |       ||     5
 Cast: Freeze            |    15 |    30 ||    45
  Use: Potion            |     1 |     5 ||     6
  Eat: Chunk             |     4 |     4 ||     8
Armor: Robe              |     9 |     7 ||    16
       Skin              |       |    25 ||    25
       Ring mail         |       |     7 ||     7
Dodge: Dodged            |    26 |    68 ||    94

Table legend:
 A = Spawn XP
 B = Non-spawn XP
 C = Spawn XP percentage of total XP
 D = Spawn monster count
 E = Non-spawn monster count
 F = Spawn count percentage of total count
 G = Total turns spent on level
                    A         B        C        D         E        F      G
               +---------+---------+-------+---------+---------+-------+---------
         Total |       0 |     389 |   0.0 |       0 |      58 |   0.0 |  3293
               +---------+---------+-------+---------+---------+-------+---------
           D:1 |       0 |      15 |   0.0 |       0 |      10 |   0.0 |   920
           D:2 |       0 |      53 |   0.0 |       0 |      14 |   0.0 |   938
           D:3 |       0 |      93 |   0.0 |       0 |      18 |   0.0 |   772
           D:4 |       0 |     228 |   0.0 |       0 |      16 |   0.0 |   663
               +---------+---------+-------+---------+---------+-------+---------
